 Dungeon Crawl Stone Soup version 0.31-a0-986-g5e6e4ef867 (webtiles) character file.

Game seed: 14083444577281411508

95 wildpjah the Conjurer (level 4, -1/24 HPs)
             Began as a Tengu Conjurer on Nov 18, 2023.
             Slain by a river rat (5 damage)
             ... on level 3 of the Dungeon.
             The game lasted 00:06:22 (3082 turns).

wildpjah the Conjurer (Tengu Conjurer)              Turns: 3082, Time: 00:06:23

Health: -1/24      AC:  3    Str:  7    XL:     4   Next: 65%
Magic:  0/8        EV: 12    Int: 20    God:
Gold:   110        SH:  0    Dex: 13    Spells: 5/8 levels left

rFire   . . .        c - +0 short sword
rCold   . . .        (no shield)
rNeg    . . .        a - +1 robe
rPois   .            (helmet restricted)
rElec   .            (no cloak)
rCorr   .            (no gloves)
SInv    .            (boots unavailable)
Will    .....        (no amulet)
Stlth   ++           (no ring)
HPRegen 0.24/turn    (no ring)
MPRegen 0.11/turn

%: acrobat
@: no status effects
A: beak, talons 3, acrobatic
a: no special abilities


You were on level 3 of the Dungeon.
You visited 1 branch of the dungeon, and saw 3 of its levels.

You collected 110 gold pieces.

Inventory:

Hand Weapons
 c - a +0 short sword (weapon)
Armour
 a - a +1 robe (worn)
Jewellery
 j - a ring of willpower
Wands
 e - a wand of flame (21)
Scrolls
 d - 2 scrolls of fear
 f - a scroll of poison {unknown}
 g - 3 scrolls of identify
 h - 2 scrolls of immolation
 i - a scroll of revelation {unknown}
 l - a scroll of brand weapon {unknown}
 n - a scroll of fog {unknown}
Potions
 b - a potion of magic
 k - 3 potions of attraction {unknown}
 m - a potion of haste {unknown}


   Skills:
 + Level 1.0 Polearms
 + Level 2.8 Dodging
 + Level 2.5 Stealth
 + Level 2.5 Spellcasting
 + Level 6.6 Conjurations


You had 5 spell levels left.
You knew the following spells:

 Your Spells              Type           Power      Damage    Failure   Level
a - Magic Dart            Conj           100%       1d8       1%          1
b - Searing Ray           Conj           58%        2d6       1%          2

Your spell library contained the following spells:

 Spells                   Type           Power      Damage    Failure   Level
 Dazzling Flash           Conj/Hex       30%        N/A       12%         3
 Necrotise                Necr           8%         1d4       16%         1
 Sting                    Tmut/Pois      8%         1d3       16%         1
 Poisonous Vapours        Pois/Air       4%         N/A       22%         2
 Fulminant Prism          Conj/Hex       7%         3d6       36%         4
 Iskenderun's Mystic Bla  Conj/Tloc      15%        2d5       36%         4
 Vampiric Draining        Necr           2%         2d6       41%         3
 Olgreb's Toxic Radiance  Pois           2%         N/A       83%         4
 Agony                    Necr           2%         N/A       99%         5


Dungeon Overview and Level Annotations

Branches:
Dungeon (3/15)

Altars:
Cheibriados
Ru
Zin

Shops:
D:1 :


Innate Abilities, Weirdness & Mutations

You have a beak for a mouth.
You have claws for feet.
You can magically evade attacks while moving or waiting.


Message History

The river rat misses you.
You hit the river rat but do no damage. You claw the river rat.
You kill the river rat!
You barely miss the river rat. Your punch misses the river rat.
The river rat is heavily wounded.
The river rat bites you.
* * * LOW HITPOINT WARNING * * *
You barely miss the river rat.
You peck the river rat, but do no damage.
The river rat is heavily wounded.
The river rat bites you but does no damage.
You hit the river rat but do no damage. Your peck misses the river rat.
The river rat is heavily wounded.
The river rat closely misses you.
You barely miss the river rat.
You claw the river rat, but do no damage.
The river rat is heavily wounded.
The river rat barely misses you.
You closely miss the river rat. Your kick misses the river rat.
The river rat is heavily wounded.
The river rat closely misses you.
You closely miss the river rat.
The river rat is heavily wounded.
The river rat barely misses you.
You hit the river rat. Your kick misses the river rat.
The river rat is heavily wounded.
The river rat bites you.
* * * LOW HITPOINT WARNING * * *
Aiming: Magic Dart (safe; 1% risk of failure)
Press: ? - help, Q - select action, (/) - cycle Shift-Dir - straight line, f/p - river rat
Aim: a river rat (heavily wounded, 100% to hit)
The magic dart hits the river rat.
The river rat is severely wounded.
The river rat twitches its whiskers.
The river rat bites you but does no damage.
You hit the river rat but do no damage. You claw the river rat.
You peck the river rat, but do no damage.
The river rat is almost dead.
The river rat bites you.
You die...

#~~..#
+~.~.#
+###~~..#
~~~~†~..##
~~~~.....#
~........#
....†....#
####
###..###r#
#... ##
#@# #...
#.###.#
#...
#.....#
#...
####.##
####...
#.########
#......
#........#
##.##...
####.....#
#.......
#.....#
#..##.#.
#.....#
#.......


You could see a river rat.

Vanquished Creatures
  2 adders
  A river rat (D:3)
  A worm (D:2)
  A dart slug (D:1)
  4 endoplasms
  3 giant cockroaches
  3 goblins (D:2)
  2 hobgoblins
  11 kobolds
  5 quokkas
  8 ball pythons
  7 bats
  6 frilled lizards
  7 rats
61 creatures vanquished.

Notes
Turn   | Place    | Note
-------+----------+-------------------------------------------
     0 | D:1      | wildpjah the Tengu Conjurer began the quest for the Orb.
     0 | D:1      | Reached XP level 1. HP: 10/10 MP: 4/4
    59 | D:1      | Found Zonooqucw's Book Shop.
   354 | D:1      | Reached XP level 2. HP: 15/15 MP: 4/6
   915 | D:1      | Reached skill level 6 in Conjurations
  1014 | D:1      | Reached XP level 3. HP: 19/19 MP: 3/7
  2061 | D:2      | Learned a level 2 spell: Searing Ray
  2236 | D:2      | Reached XP level 4. HP: 20/24 MP: 4/8
  2347 | D:2      | Found a faded altar of an unknown god.
  2476 | D:3      | Found a snail-covered altar of Cheibriados.
  2581 | D:3      | Noticed an angel
  2582 | D:3      | Found a glowing silver altar of Zin.
  2607 | D:3      | Found a sacrificial altar of Ru.
  2930 | D:3      | Reached skill level 1 in Polearms
  3082 | D:3      | Slain by a river rat

Illustrated notes

Levels and vault maps discovered:
D:1:      onia_arrival_mini_maze_b, layout_basic, serial_shops, shop,
          minivault_25, interstate_on_off, chequers_serial_rivers_micro_d
D:2:      layout_loops_ring, shapermc_ecumenical_altar_mp_urbaneastern
D:3:      layout_basic, mainiacjoe_overflow_small_starburst,
          nicolae_overflow_crystal_walls, zin_angel, portal_sewer_entry_e

Skill      XL: |  1  2  3  4 |
---------------+-------------+-----
Conjurations   | 6 |  6.6
Polearms       | 1 |  1.0
Dodging        | |  2.8
Stealth        | |  2.5
Spellcasting   | |  2.5

Action                     |  1- 3 |  4- 6 || total
---------------------------+-------+-------++-------
  Melee: Kick              |     1 |     7 ||     8
         Spear             |     1 |       ||     1
         Unarmed           |     1 |       ||     1
         Short sword       |     1 |    17 ||    18
         Peck              |       |     4 ||     4
   Cast: Magic Dart        |    82 |    25 ||   107
    Use: Scroll            |       |     6 ||     6
 Armour: Robe              |     4 |    11 ||    15
  Dodge: Dodged            |     6 |    13 ||    19

Table legend: (Time is in decaauts)
 A = Elapsed time spent in this place.
 B = Non-inter-level travel time spent in this place.
 C = Inter-level travel time spent in this place.
 D = Time resting spent in this place.
 E = Time spent auto-exploring this place.
 F = Levels seen in this place.
 G = Mean time per level.
                   A        B        C        D        E       F      G
               +--------+--------+--------+--------+--------+-----+--------+
         Total |   3080 |   2928 |    152 |      0 |   2665 |   3 | 1026.7 |
       Dungeon |   3080 |   2928 |    152 |      0 |   2665 |   3 | 1026.7 |
               +--------+--------+--------+--------+--------+-----+--------+

Top non-repeatable levels by time:
     D:1: 1525 daAuts
     D:2: 877 daAuts
     D:3: 676 daAuts
